 Dungeon Sprint DCSS version 0.16-a0-4078-g0e80503 (console) character file.

15300000 Monkaria the Axe Maniac (level 27, -88/271 (273) HPs)
             Began as a Ghoul Fighter on Feb 22, 2015.
             Was the Champion of Makhleb.
             Annihilated by a destroyer
             ... wielding a +9 great sword of slicing
              (220 damage)
             ... in the Dungeon (Sprint VIII: "Arena of Blood").
             The game lasted 00:05:40 (153 turns).

Monkaria the Axe Maniac (Ghoul Fighter)              Turns: 153, Time: 00:05:40

HP:   -88/271 (273) AC: 13    Str: 21 (24) XL:     27
MP:   40/49         EV: 24    Int:  8      God:    Makhleb [******]
Gold: 0             SH:  0    Dex: 12      Spells: 0 memorised, 80 levels left

rFire  . . .     SeeInvis .     i - +∞ Axe of Woe
rCold  + . .     Clarity  .     b - +0 scale mail
rNeg   + + +     SustAb   .     (no shield)
rPois  ∞         Gourm    .     (no helmet)
rElec  .         Spirit   .     (no cloak)
rCorr  .         Warding  .     (no gloves)
rMut   .         NoTele   +     (no boots)
MR     ++...                    (no amulet)
Stlth  ++++++++..               l - +200 ring of slaying
                                m - +200 ring of slaying

@: rotting, slowed, very slow, very resistant to hostile enchantments,
extraordinarily stealthy
A: rotting body, claws 1, carnivore 3, cold resistance 1, negative energy
resistance 3, poison resistance, slow healing 1, torment resistance, unbreathing
a: Minor Destruction, Lesser Servant of Makhleb, Major Destruction, Greater
Servant of Makhleb, Renounce Religion


You were in the Dungeon.
You worshipped Makhleb.
Makhleb was exalted by your worship.
You were not hungry.

You visited 1 branch

Inventory:

Hand weapons
 a - a +0 war axe
 i - the +∞ Axe of Woe (weapon)
   (You found it in the Dungeon)
Armour
 b - a +0 scale mail (worn)
 c - a +0 shield
Jewellery
 g - a +30 ring of slaying
 k - a +30 ring of slaying
 l - a +200 ring of slaying (right claw)
 m - a +200 ring of slaying (left claw)
Scrolls
 j - a scroll of blinking
Potions
 d - a potion of curing
 e - a potion of might
 f - a potion of heal wounds
 h - 2 potions of magic


   Skills:
 O Level 27 Fighting
 O Level 27 Axes
 O Level 27 Throwing
 O Level 27 Armour
 O Level 27 Dodging
 O Level 27 Stealth
 O Level 27 Shields
 O Level 27 Unarmed Combat
 O Level 27 Spellcasting
 O Level 27 Invocations


You had 80 spell levels left.
You didn't know any spells.

Dungeon Overview and Level Annotations

Branches:
Dungeon (1/1)

Altars:
Makhleb

Annotations:
D The Meatlord


Innate Abilities, Weirdness & Mutations

Your body is rotting away.
You thrive on raw meat.
You have sharp fingernails.
You are carnivorous and can eat meat at any time.
Your flesh is cold resistant.
You are immune to negative energy.
Your system is resistant to poisons.
You heal slowly when monsters are visible.
You are immune to unholy pain and torment.
You can survive without breathing.


Message History

You hear a shout! x3
The dread throws hellfire at you.
The hellfire explodes!
The burst of hellfire engulfs you!
An ogre and Dispater come into view.
Unknown command.
Unknown command.
Drink which item? (? for menu, Esc to quit)
Okay, then.
Unknown command.
You hear a shout! x9
The meat berserker hits you with a +9 battleaxe!!!!
You hear a shout! x3
The bag of meat closely misses you.
You hear a shout!
The fleshlord mumbles some strange words.
The fleshlord seems to speed up.
The large abomination hits you!!
You hear a shout! x6
The destroyer hits you with a +9 great sword of slicing!!!!!
Ouch! That really hurt!
You die...

...........
......... #.......#
.. #.......# ..
...###... §..###...
........###)).......
#......))_))§..X...2
......#))XWV#.......
... #_)V@_# ..... .
#).oO&# ....
......_o2.......
......###.......
..###... .op###..
#... ...# #... ...#
.....Op.. ... .o.


You could see The Meatlord, a meat beast, 2 destroyers, 2 fleshlords, a large
abomination, a dread, a meat berserker (berserk) and 4 bags of meat.

Vanquished Creatures
  Edmund (D)
  Harold (D)
  2 great orbs of eyes (D)
  2 greater mummies (D)
  5 hell beasts (D)
  4 hell knights (D)
  2 hill giants (D)
  5 hydras (D)
  3 liches (D)
  28 ogres (D)
  56 orcs (D)
  4 phantoms (D)
  3 skeletal warriors (D)
  17 vampire knights (D)
  5 wraiths (D)
  3 sea snakes (D)
  2 tentacled monstrosities (D)
  8 large abominations (D)
  A reaper (D)
  8 small abominations (D)
  5 crawling corpses (D)
165 creatures vanquished.

Notes
Turn   | Place    | Note
--------------------------------------------------------------
     0 | D        | Monkaria, the Ghoul Fighter, began the quest for the Orb.
     0 | D        | Reached XP level 1. HP: 19/19 MP: 1/1
     4 | D        | Noticed a bag of meat
     4 | D        | Noticed a bag of meat
     4 | D        | Noticed a bag of meat
     4 | D        | Noticed a meat berserker
     6 | D        | Noticed a bag of meat
     7 | D        | Noticed a bag of meat
    10 | D        | Became a worshipper of Makhleb the Destroyer
    11 | D        | Noticed a bag of meat
    11 | D        | Noticed a bag of meat
    11 | D        | Killed a meat berserker
    11 | D        | Reached skill level 16 in Fighting
    11 | D        | Reached XP level 2. HP: 22/50 MP: 2/2
    11 | D        | Reached XP level 3. HP: 25/57 MP: 3/3
    11 | D        | Reached XP level 4. HP: 28/64 MP: 3/3
    11 | D        | Reached XP level 5. HP: 31/72 MP: 4/4
    11 | D        | Reached XP level 6. HP: 34/80 MP: 5/5
    11 | D        | Reached XP level 7. HP: 36/86 MP: 5/5
    11 | D        | Reached XP level 8. HP: 39/94 MP: 6/6
    11 | D        | Reached XP level 9. HP: 41/101 MP: 7/7
    11 | D        | Reached XP level 10. HP: 44/110 MP: 7/7
    11 | D        | Reached XP level 11. HP: 46/116 MP: 8/8
    12 | D        | Killed a bag of meat
    12 | D        | Acquired Makhleb's first power
    12 | D        | Reached skill level 19 in Fighting
    12 | D        | Reached skill level 15 in Shields
    12 | D        | Reached XP level 12. HP: 48/130 MP: 9/9
    14 | D        | Noticed a bag of meat
    14 | D        | Killed a bag of meat
    14 | D        | Reached skill level 20 in Fighting
    14 | D        | Reached skill level 10 in Axes
    14 | D        | Reached XP level 13. HP: 50/141 MP: 9/9
    15 | D        | Noticed a bag of meat
    15 | D        | Killed a bag of meat
    15 | D        | Acquired Makhleb's second power
    15 | D        | Reached skill level 21 in Fighting
    15 | D        | Reached XP level 14. HP: 22/152 MP: 10/10
    15 | D        | Killed a bag of meat
    15 | D        | Reached skill level 22 in Fighting
    17 | D        | Noticed a bag of meat
    17 | D        | Noticed a bag of meat
    17 | D        | Noticed a large bag of meat
    17 | D        | Killed a bag of meat
    17 | D        | Acquired Makhleb's third power
    17 | D        | Reached XP level 15. HP: 68/162 MP: 11/11
    17 | D        | Killed a bag of meat
    18 | D        | Killed a bag of meat
    19 | D        | Noticed a meat berserker
    22 | D        | Noticed a bag of meat
    24 | D        | Noticed a meat berserker
    24 | D        | Killed a meat berserker
    24 | D        | Acquired Makhleb's fourth power
    24 | D        | Reached skill level 23 in Axes
    24 | D        | Reached XP level 16. HP: 171/171 MP: 11/11
    25 | D        | Killed a bag of meat
    25 | D        | Reached skill level 25 in Axes
    27 | D        | Noticed a destroyer
    27 | D        | Killed a bag of meat
    27 | D        | Reached skill level 27 in Axes
    28 | D        | Killed a bag of meat
    28 | D        | Acquired Makhleb's fifth power
    29 | D        | Noticed a bag of meat
    30 | D        | Killed a destroyer
    30 | D        | Reached skill level 27 in Fighting
    30 | D        | Reached XP level 17. HP: 186/191 MP: 12/12
    30 | D        | Killed a bag of meat
    30 | D        | Killed a large bag of meat
    32 | D        | Noticed The Servant
    32 | D        | Killed a meat berserker
    34 | D        | Noticed a bag of meat
    34 | D        | Noticed a destroyer
    34 | D        | Killed a bag of meat
    34 | D        | Reached skill level 27 in Armour
    34 | D        | Reached XP level 18. HP: 200/200 MP: 13/13
    35 | D        | Noticed a bag of meat
    35 | D        | Noticed a meat berserker
    37 | D        | Killed a destroyer
    40 | D        | Noticed a large bag of meat
    40 | D        | Noticed a destroyer
    40 | D        | Killed a bag of meat
    40 | D        | Killed a bag of meat
    43 | D        | Killed The Servant
    43 | D        | Killed a bag of meat
    43 | D        | Reached XP level 19. HP: 207/207 MP: 13/13
    44 | D        | Killed a destroyer
    44 | D        | Killed a large bag of meat
    44 | D        | Reached skill level 27 in Dodging
    45 | D        | Noticed a bag of meat
    45 | D        | Noticed a destroyer
    45 | D        | Killed a meat berserker
    45 | D        | Reached skill level 15 in Invocations
    46 | D        | Noticed a destroyer
    46 | D        | Noticed a bag of meat
    46 | D        | Noticed a destroyer
    46 | D        | Noticed a destroyer
    46 | D        | Killed a destroyer
    47 | D        | Noticed a destroyer
    47 | D        | Noticed a bag of meat
    47 | D        | Noticed a bag of meat
    47 | D        | Noticed a bag of meat
    47 | D        | Noticed a meat berserker
    47 | D        | Noticed a destroyer
    47 | D        | Noticed a destroyer
    48 | D        | Noticed a bag of meat
    48 | D        | Noticed a bag of meat
    48 | D        | Noticed a bag of meat
    48 | D        | Noticed a bag of meat
    48 | D        | Noticed a meat berserker
    48 | D        | Killed a destroyer
    48 | D        | Reached XP level 20. HP: 216/216 MP: 13/38
    49 | D        | Noticed a bag of meat
    49 | D        | Killed a destroyer
    49 | D        | Killed a meat berserker
    49 | D        | Reached skill level 27 in Invocations
    50 | D        | Noticed a bag of meat
    50 | D        | Killed a destroyer
    50 | D        | Killed a destroyer
    51 | D        | Killed a bag of meat
    52 | D        | Noticed a destroyer
    52 | D        | Noticed a destroyer
    52 | D        | Killed a meat berserker
    52 | D        | Reached skill level 27 in Stealth
    53 | D        | Noticed a meat berserker
    53 | D        | Noticed a meat berserker
    53 | D        | Killed a destroyer
    53 | D        | Reached XP level 21. HP: 224/224 MP: 14/41
    54 | D        | Noticed a meat berserker
    54 | D        | Noticed a destroyer
    55 | D        | Noticed a bag of meat
    55 | D        | Killed a bag of meat
    55 | D        | Killed a bag of meat
    55 | D        | Killed a destroyer
    55 | D        | Reached skill level 27 in Shields
    56 | D        | Killed a bag of meat
    57 | D        | Noticed a meat berserker
    57 | D        | Noticed a meat berserker
    57 | D        | Killed a meat berserker
    57 | D        | Killed a bag of meat
    57 | D        | Killed a bag of meat
    57 | D        | Reached XP level 22. HP: 233/233 MP: 15/42
    58 | D        | Killed a destroyer
    58 | D        | Killed a meat berserker
    58 | D        | Killed a meat berserker
    58 | D        | Reached skill level 27 in Throwing
    58 | D        | Killed a bag of meat
    59 | D        | Killed a bag of meat
    59 | D        | Reached skill level 15 in Spellcasting
    59 | D        | Killed a bag of meat
    60 | D        | Noticed a meat berserker
    60 | D        | Noticed a bag of meat
    60 | D        | Noticed a bag of meat
    60 | D        | Killed a destroyer
    60 | D        | Reached XP level 23. HP: 240/240 MP: 16/44
    61 | D        | Noticed a bag of meat
    61 | D        | Noticed a meat berserker
    62 | D        | Noticed a meat berserker
    62 | D        | Noticed a bag of meat
    62 | D        | Noticed a bag of meat
    62 | D        | Noticed a bag of meat
    63 | D        | Noticed a bag of meat
    63 | D        | Killed a destroyer
    63 | D        | Killed a meat berserker
    63 | D        | Killed a bag of meat
    63 | D        | Killed a meat berserker
    64 | D        | Noticed a bag of meat
    64 | D        | Noticed a bag of meat
    67 | D        | Killed a bag of meat
    67 | D        | Reached skill level 27 in Spellcasting
    67 | D        | Killed a meat berserker
    67 | D        | Killed a bag of meat
    68 | D        | Killed a meat berserker
    68 | D        | Reached XP level 24. HP: 249/249 MP: 17/48
    68 | D        | Killed a bag of meat
    69 | D        | Killed a bag of meat
    69 | D        | Reached skill level 27 in Unarmed Combat
    70 | D        | Killed a bag of meat
    71 | D        | Killed a bag of meat
    72 | D        | Killed a bag of meat
    73 | D        | Noticed a bag of meat
    73 | D        | Noticed a bag of meat
    73 | D        | Noticed a tyrant
    75 | D        | Noticed a meat berserker
    76 | D        | Noticed a bag of meat
    76 | D        | Noticed a meat berserker
    77 | D        | Noticed a bag of meat
    78 | D        | Noticed a bag of meat
    78 | D        | Noticed a bag of meat
    78 | D        | Noticed a dread
    79 | D        | Noticed a dread
    79 | D        | Killed a bag of meat
    80 | D        | Noticed a meat berserker
    80 | D        | Killed a meat berserker
    80 | D        | Killed a meat berserker
    81 | D        | Noticed a bag of meat
    82 | D        | Noticed a meat berserker
    82 | D        | Killed a bag of meat
    82 | D        | Reached XP level 25. HP: 214/257 MP: 21/48
    83 | D        | Noticed a bag of meat
    83 | D        | Killed a tyrant
    83 | D        | Killed a wretched soul
    84 | D        | Killed a meat berserker
    84 | D        | Noticed a meat beast
    87 | D        | Killed a meat beast
    87 | D        | Killed a meat berserker
    87 | D        | Killed a dread
    89 | D        | Killed a bag of meat
    89 | D        | Killed a bag of meat
    91 | D        | Killed a bag of meat
    91 | D        | Killed a bag of meat
    91 | D        | Reached XP level 26. HP: 266/266 MP: 23/48
    92 | D        | Killed a bag of meat
    93 | D        | Noticed a destroyer
    93 | D        | Killed a bag of meat
    94 | D        | Noticed a meat berserker
    95 | D        | Noticed an eight-headed meat hydra
    95 | D        | Noticed a tyrant
    95 | D        | Noticed an eight-headed meat hydra
    95 | D        | Killed a destroyer
    96 | D        | Noticed an accursed
    98 | D        | Noticed a meat berserker
    98 | D        | Noticed a meat beast
    98 | D        | Killed a meat berserker
    99 | D        | Noticed a bag of meat
    99 | D        | Noticed a bag of meat
   100 | D        | Noticed a meat beast
   100 | D        | Noticed a tyrant
   100 | D        | Noticed The Defiler
   101 | D        | Noticed a sculptor of flesh
   101 | D        | Killed a wretched soul
   102 | D        | Killed a meat berserker
   102 | D        | Killed a dread
   103 | D        | Noticed a meat berserker
   103 | D        | Noticed a bag of meat
   103 | D        | Killed a meat beast
   104 | D        | Noticed an accursed
   105 | D        | Killed a wretched soul
   106 | D        | Killed a bag of meat
   106 | D        | Reached XP level 27. HP: 273/273 MP: 27/49
   106 | D        | Killed an observer
   107 | D        | Noticed a meat beast
   107 | D        | Killed The Defiler
   107 | D        | Killed a meat berserker
   108 | D        | Noticed a sculptor of flesh
   108 | D        | Killed a bag of meat
   109 | D        | Noticed a bag of meat
   109 | D        | Noticed a meat beast
   109 | D        | Killed a tyrant
   109 | D        | Killed a meat beast
   110 | D        | Noticed a meat berserker
   110 | D        | Killed a nine-headed meat hydra
   110 | D        | Killed an observer
   111 | D        | Noticed a meat berserker
   112 | D        | Noticed a scourge
   112 | D        | Killed a meat beast
   113 | D        | Killed a bag of meat
   114 | D        | Noticed a bag of meat
   115 | D        | Killed a meat berserker
   117 | D        | Killed a bag of meat
   118 | D        | Noticed a destroyer
   118 | D        | Killed a tyrant
   118 | D        | Killed a meat beast
   119 | D        | Killed a bag of meat
   121 | D        | Noticed a dread
   121 | D        | Killed an accursed
   122 | D        | Killed a sculptor of flesh
   124 | D        | Noticed a fleshlord
   124 | D        | Noticed a meat berserker
   124 | D        | Killed a scourge
   126 | D        | Killed a meat berserker
   126 | D        | Killed a destroyer
   126 | D        | Killed a sculptor of flesh
   127 | D        | Noticed a meat berserker
   127 | D        | Noticed a destroyer
   127 | D        | Killed a fleshlord
   128 | D        | Noticed a bag of meat
   129 | D        | Noticed a bag of meat
   130 | D        | Noticed a bag of meat
   130 | D        | Noticed a destroyer
   130 | D        | Killed a destroyer
   131 | D        | Noticed a bag of meat
   131 | D        | Killed a dread
   133 | D        | Noticed a fleshlord
   134 | D        | Noticed a meat berserker
   135 | D        | Noticed a fleshlord
   137 | D        | Noticed a meat berserker
   137 | D        | Noticed a fleshlord
   138 | D        | Killed a fleshlord
   138 | D        | Killed a meat berserker
   138 | D        | Noticed a bag of meat
   139 | D        | Noticed an accursed
   139 | D        | Noticed a dread
   139 | D        | Killed a destroyer
   140 | D        | Noticed a bag of meat
   140 | D        | Noticed a bag of meat
   140 | D        | Noticed a bag of meat
   140 | D        | Killed a meat berserker
   141 | D        | Noticed a bag of meat
   141 | D        | Noticed a meat berserker
   141 | D        | Killed a bag of meat
   142 | D        | Noticed a bag of meat
   142 | D        | Killed a bag of meat
   142 | D        | Killed a meat berserker
   143 | D        | Noticed a dread
   143 | D        | Killed a fleshlord
   143 | D        | Killed a bag of meat
   144 | D        | Noticed a meat berserker
   144 | D        | Noticed a bag of meat
   144 | D        | Killed a fleshlord
   144 | D        | Killed a bag of meat
   145 | D        | Noticed a sculptor of flesh
   145 | D        | Killed a dread
   146 | D        | Killed a meat berserker
   146 | D        | Killed a bag of meat
   146 | D        | Killed a bag of meat
   148 | D        | Noticed a dread
   148 | D        | Noticed a bag of meat
   148 | D        | Killed a wretched soul
   148 | D        | Killed a bag of meat
   148 | D        | Noticed a bag of meat
   149 | D        | Noticed a meat berserker
   149 | D        | Killed a meat berserker
   149 | D        | Killed a bag of meat
   150 | D        | Noticed a bag of meat
   150 | D        | Noticed a meat beast
   150 | D        | Killed an accursed
   150 | D        | Killed a sculptor of flesh
   150 | D        | Killed a nine-headed meat hydra
   150 | D        | Killed a bag of meat
   150 | D        | Killed a bag of meat
   151 | D        | Noticed a meat berserker
   151 | D        | Noticed a bag of meat
   151 | D        | Noticed a fleshlord
   151 | D        | Killed a bag of meat
   152 | D        | Noticed a destroyer
   152 | D        | Noticed a fleshlord
   152 | D        | Noticed a destroyer
   152 | D        | Killed a dread
   152 | D        | Killed a meat berserker
   153 | D        | Noticed a meat berserker
   153 | D        | Noticed The Meatlord
   153 | D        | Annihilated by a destroyer

Action                   |  1- 3 |  4- 6 |  7- 9 | 10-12 | 13-15 | 16-18 | 19-21 | 22-24 | 25-27 || total
-------------------------+-------+-------+-------+-------+-------+-------+-------+-------+-------++-------
Melee: Executioner's axe |     1 |       |       |     2 |     4 |     9 |    12 |    13 |    51 ||    92
  Use: Potion            |     1 |       |       |       |       |       |       |       |       ||     1
